 Dungeon Crawl Stone Soup version 0.14-a0-1637-gd423c14 (webtiles) character file.

334 Archteshnor the Gusty (level 6, 0/41 HPs)
             Began as a Human Air Elementalist on Dec 25, 2013.
             Killed by static electricity (3 damage)
             ... on Level 3 of the Dungeon on Dec 26, 2013.
             The game lasted 00:24:32 (3941 turns).

Archteshnor the Gusty (Human Air Elementalist)      Turns: 3941, Time: 00:24:33

HP   0/41        AC  3     Str  8      XL: 6   Next: 18%
MP  10/13        EV 12     Int 17      God:
Gold 115         SH  0     Dex 14      Spells:  2 memorised,  7 levels left

rFire  . . .     SeeInvis .     z - +0,+2 whip (drain)
rCold  + . .     Clarity  .     a - +0 robe
rNeg   . . .     Conserve .     (no shield)
rPois  .         rCorr    .     (helmet restricted)
rElec  .         rRot     .     (no cloak)
SustAb . .       Spirit   .     (no gloves)
rMut   .         Warding  .     u - +0 pair of boots
Saprov . . .     Stasis   .     (no amulet)
                                (no ring)
                                v - ring of protection from cold

@: slightly resistant to hostile enchantments, fairly stealthy
A: claws 1, horns 1, sense surroundings 1
a: no special abilities


You were on level 3 of the Dungeon.
You were near starving.

You visited 1 branch of the dungeon, and saw 4 of its levels.

You collected 115 gold pieces.

Inventory:

Hand weapons
 k - a +2,+0 hand axe of flaming
 m - a +1,+1 dwarven dagger of venom
 z - a +0,+2 whip of draining (weapon)
Missiles
 d - 57 darts (quivered)
 g - 4 silver darts
 j - 3 tomahawks
 w - 41 stones
 E - 6 poisoned darts
Armour
 a - a +0 robe (worn)
 u - a +0 pair of boots (worn)
Magical devices
 x - a wand of frost (10)
Comestibles
 c - 3 bread rations
 h - a meat ration
 D - a pear
Scrolls
 f - 2 scrolls of blinking {unknown}
 l - 2 scrolls of enchant weapon II {unknown}
 n - a scroll of recharging {unknown}
 q - a scroll of remove curse {unknown}
 r - a scroll of enchant weapon I {unknown}
 s - a scroll of teleportation {unknown}
 t - a scroll of magic mapping {unknown}
 y - 3 scrolls of identify
Jewellery
 v - a ring of protection from cold (left claw)
 A - an uncursed ring of sustain abilities {unknown}
Potions
 e - 2 potions of mutation
 i - a potion of degeneration {unknown}
 o - a potion of restore abilities {unknown}
 p - a potion of agility {unknown}
Books
 b - a book of Air

   Spells                             Type                      Level
   *Shock                             Conjuration/Air              1
   Swiftness                          Charms/Air                   2
   Repel Missiles                     Charms/Air                   2
   Flight                             Charms/Air                   3
   *Static Discharge                  Conjuration/Air              3
   Lightning Bolt                     Conjuration/Air              5


   Skills:
 - Level 2.0 Dodging
 - Level 2.0 Stealth
 + Level 3.2 Spellcasting
 + Level 3.6 Conjurations
 + Level 4.4 Air Magic


You had 7 spell levels left.
You knew the following spells:

 Your Spells              Type           Power        Failure   Level  Hunger
a - Shock                 Conj/Air       ###.         3%          1    None
b - Static Discharge      Conj/Air       ###.....     12%         3    ###....


Dungeon Overview and Level Annotations

Branches:
Dungeon (4/16)
 Temple: D:4-7

Altars:

Annotations:
D:3 Prince Ribbit


Innate Abilities, Weirdness & Mutations

You have sharp fingernails.
You have a pair of small horns on your head.
You passively map a small area around you.


Message History

Prince Ribbit croaks regally.
Prince Ribbit blinks!
You are near starving!
There is a stone staircase leading up here.
Prince Ribbit hits you! Prince Ribbit hits you.
You climb upwards.
There is a stone staircase leading down here.
Prince Ribbit completely misses you.
Prince Ribbit croaks regally.
Prince Ribbit blinks!
Prince Ribbit hits you! Prince Ribbit hits you!
* * * LOW HITPOINT WARNING * * *
Prince Ribbit closely misses you.
Casting: Shock
Confirm with . or Enter, or press ? or * to list all spells.
Prince Ribbit is struck by lightning.
Prince Ribbit is lightly wounded.
The lightning arcs!
You are struck by lightning.
You die...

......##..######.##..#
#..#...##. ........[.#
#.##..# #..#....(.
[....)....# #.##..#
#..#...##. ..........#
#.##..# #..#...##.
..........# #.....#
#..#...##. ..........#
#..##.###..#...##.
(.........#
#..##..........##.
..........#
#..##..#..###..##.
..........# #@.##..#..#
#..##. ..........#
#F.##..#..# #..##(
.(........# #..##..#..#
#..##. ........>.#
#..##..#..# #..##.
......>...# #..##..#..#
#..##. ..........#
#..##..#[.# #..##.
..........# #..##..#..#
#..##.
..........######..##..#..#
#..##.
..........)..>.......)...#
#..##.


You could see Prince Ribbit.

Vanquished Creatures
  An ogre (D:3)
  5 adders
  A giant mite (D:3)
  2 worms
  2 giant geckos (D:1)
  An orc (D:3)
  5 bats
  6 giant cockroaches
  16 goblins
  5 hobgoblins
  3 jackals (D:2)
  11 kobolds
  8 giant newts
  15 rats
81 creatures vanquished.

Notes
Turn   | Place    | Note
--------------------------------------------------------------
     0 | D:1      | Archteshnor, the Human Air Elementalist, began the quest for the Orb.
     0 | D:1      | Reached XP level 1. HP: 13/13 MP: 3/3
   149 | D:1      | Reached XP level 2. HP: 14/19 MP: 0/4
   626 | D:1      | Reached XP level 3. HP: 24/24 MP: 3/6
   922 | D:1      | Gained mutation: You have sharp fingernails. [potion of mutation]
   922 | D:1      | Gained mutation: You passively map a small area around you. [potion of mutation]
   922 | D:1      | Gained mutation: You have a pair of small horns on your head. [potion of mutation]
  1447 | D:1      | Learned a level 3 spell: Static Discharge
  1886 | D:1      | Reached XP level 4. HP: 22/30 MP: 0/8
  2631 | D:3      | Reached XP level 5. HP: 31/35 MP: 5/10
  2758 | D:3      | Reached skill level 4 in Air Magic
  2869 | D:3      | Noticed an ogre
  2880 | D:3      | Killed an ogre
  2880 | D:3      | Reached XP level 6. HP: 17/41 MP: 0/13
  3066 | D:3      | Upgraded the game from 0.14-a0-1626-g054e7ae to 0.14-a0-1637-gd423c14
  3925 | D:4      | Noticed Prince Ribbit
  3941 | D:3      | Killed by static electricity

Action                   |  1- 3 |  4- 6 || total
-------------------------+-------+-------++-------
Melee: Unarmed           |    41 |       ||    41
       Dagger            |     3 |    42 ||    45
       Hand axe          |     2 |       ||     2
       Whip              |       |    10 ||    10
Throw: Dart              |     1 |       ||     1
 Cast: Shock             |    75 |    75 ||   150
       Static Discharge  |     1 |     6 ||     7
Evoke: Wand              |       |     1 ||     1
  Use: Potion            |     1 |       ||     1
       Scroll            |       |     1 ||     1
